[Event "*** Titled Tuesday Blitz"]
[Site "Chess.com"]
[Date "2020.12.01"]
[Round "4"]
[White "anon219"]
[Black "ARMQUEEN"]
[Result "1-0"]
[WhiteElo "2766"]
[BlackElo "2503"]
[TimeControl "180+1"]
[EndTime "10:40:59 PST"]
[Termination "anon219 won by checkmate"]

1. e4 c5 2. Nf3 Nc6 3. Bb5 g6 4. O-O Bg7 5. Nc3 d6 6. e5 dxe5 7. Bxc6+ bxc6 8. Re1 f6 9. d3 Nh6 10. Be3 O-O 11. Bxc5 Nf5 12. a4 a6 13. a5 Rb8 14.
b4 Be6 15. Ne4 h5 16. Bb6 Qc8 17. Nc5 Bf7 18. c3 Kh7 19. h3 Rg8 20. d4 exd4 21. Nxd4 e5 22. Nxf5 gxf5 23. Qd7 Qxd7 24. Nxd7 Ra8 25.
Rad1 Bd5 26. f3 Kg6 27. h4 Kf7 28. Kf2 Bh6 29. Be3 Bf8 30. Nb6 Rd8 31. g3 Be7 32. f4 Bb3 33. Rxd8 Rxd8 34. Ke2 Ke6 35. Rb1 Bc2 36. Rb2 Bd3+ 37. Kf2 Bf8 38. Rd2 e4 39. Na4 Be7 40. Bc5 Bb5 41. Rxd8 Bxd8 42. Nb2 Kd5 43.
Ke3 Bxa5 44. Kd2 Bc7 45. Nd1 Bd3 46. Nf2 Bc4 47. Nd1 Ke6 48. Ne3 Bb3 49. c4 a5 50.
Kc3 Ba4 51. Bd4 Bd8 52. Bc5 Bc7 53. Kb2 axb4 54. Bxb4 Bb6 55. c5 Ba7 56. Kc3 Bb5 57.
Nc2 Kd5 58. Ne3+ Ke6 59. Kd4 Bb8 60. Ba5 Ba7 61. Bc7 Kd7 62. Bd6 Ke6 63. Nc2 Kd7 64.
Ke3 Ke6 65. Nd4+ Kd5 66. Nxf5 Bxc5+ 67. Bxc5 Kxc5 68. Kxe4 Ba4 69. Ng7 Bc2+ 70. Ke3 Kd5 71. Nxh5 c5 72. Nxf6+ Ke6 73. Ne4 c4 74. Nc3 Kf5 75.
Kf3 Bd3 76. g4+ Kf6 77. h5 Bc2 78. Ke3 Ke6 79. h6 Kf6 80. f5 Kf7 81. Kf4 Kg8 82.
g5 Kh7 83. Ke5 Kg8 84. Kf6 Bd3 85.
g6 Kh8 86. Kf7 Bxf5 87. g7+ Kh7 88. g8=Q+ Kxh6 89. Kf6 Bd3 90. Qg5+ Kh7 91. Qg7# 1-0

[Event "*** Titled Tuesday Blitz"]
[Site "Chess.com"]
[Date "2020.12.01"]
[Round "4"]
[White "UCantHandleDenker"]
[Black "AlexTriapishko"]
[Result "0-1"]
[WhiteElo "2517"]
[BlackElo "2798"]
[TimeControl "180+1"]
[EndTime "10:41:07 PST"]
[Termination "AlexTriapishko won by checkmate"]

1. Nf3 d5 2. g3 Nf6 3. Bg2 c6 4. O-O Bf5 5. c4 e6 6. b3 h6 7. Bb2 Nbd7 8. d3 Be7 9. Nbd2 O-O 10. a3 a5 11. Ra2 Re8 12. Qa1 Bh7 13. Bc3 b5 14.
cxb5 cxb5 15. Rc1 Qb6 16. Bd4 Qb7 17. Rac2 Rac8 18. a4 b4 19. Ne5 Rxc2 20. Rxc2 Rc8 21. Qc1 Rxc2 22. Qxc2 Nxe5 23. Bxe5 Ne8 24. Bh3 Bg6 25.
Nf3 Nd6 26. Nd4 Bf8 27. Qc6 Qxc6 28. Nxc6 Nb7 29. Bc7 Nc5 30. Nxa5 f5 31. Bb6 Nd7 32. Bd4 e5 33. Bb2 e4 34. Nc6 exd3 35. exd3 Nc5 36. Nxb4 Nxb3 37. Nxd5 Nc5 38. a5 Nxd3 39. Bd4 Bf7 40.
Nc3 Nb4 41. Bxf5 Nc6 42. a6 Nxd4 43. a7 Nxf5 44. a8=Q g6 45. Ne4 Kg7 46. Qa1+ Kh7 47. Nf6+ Kh8 48. Nd7+ Bg7 49. Qa8+ Bg8 50. Qe8 g5 51.
Nf8 Nd4 52. Ng6+ Kh7 53. Ne7 Be6 54. Qg6+ Kh8 55. Qe8+ Kh7 56. Qg6+ Kh8 57. Qe4 Bf7 58. Qa8+ Kh7 59. Qe4+ Kh8 60. h4 gxh4 61. Qxh4 Nf3+ 62. Kg2 Nxh4+ 63. gxh4 Bf6 64. Nf5 Kh7 65. Kg3 Be6 66.
Ne3 Kg6 67. f4 Kh5 68. Ng2 Bd5 69. Kh3 Kg6 70. Ne3 Bb7 71. Kg4 h5+ 72. Kg3 Bd4 73.
Nc4 Bc3 74. f5+ Kf6 75. Nd6 Be5+ 76. Kh3 Bd5 77. Nb5 Kxf5 78. Nd6+ Ke6 79. Nb5 Be4 80.
Na3 Bf5+ 81. Kg2 Kd5 82. Nb5 Ke4 83. Kh1 Kf4 84. Kh2 Kg4+ 85. Kg2 Kxh4 86. Kh1 Be4+ 87. Kg1 Kg5 88. Na3 h4 89. Nc4 Bd4+ 90. Kh2 Kg4 91.
Ne5+ Bxe5+ 92. Kg1 h3 93. Kf1 Bf4 94. Ke2 h2 95.
Kf2 h1=Q 96. Ke2 Qf3+ 97. Ke1 Qe3+ 98. Kf1 Bd3+ 99. Kg2 Qg3+ 100. Kh1 Be4# 0-1

[Event "*** Titled Tuesday Blitz"]
[Site "Chess.com"]
[Date "2020.12.01"]
[Round "4"]
[White "Rud_Makarian"]
[Black "dropstoneDP"]
[Result "1/2-1/2"]
[WhiteElo "2718"]
[BlackElo "2912"]
[TimeControl "180+1"]
[EndTime "10:41:13 PST"]
[Termination "Game drawn - insufficient material"]

1. d4 c5 2. d5 e5 3. e4 d6 4. c4 Be7 5. g3 f5 6. exf5 Bxf5 7. Bg2 Nf6 8. Nc3 O-O 9. Nf3 Ne4 10. Nxe4 Bxe4 11.
O-O Nd7 12. Nd2 Bxg2 13. Kxg2 Qe8 14. Qg4 Kh8 15. Ne4 Nf6 16. Nxf6 Bxf6 17. Bd2 b5 18. b3 Rb8 19. Rab1 Qf7 20. h4 Rb7 21. Qe4 Rfb8 22. Bc3 Qe7 23. Rbe1 bxc4 24. Qxc4 Re8 25. Re4 Qd8 26. Rfe1 Rbe7 27. f4 exf4 28. Bxf6 gxf6 29. Re6 fxg3 30. Qf4 Rxe6 31. dxe6 Qe7 32. Qf5 Qb7+ 33. Kh3 Qe7 34. Kxg3 Rg8+ 35. Kh2 Qg7 36. Qf3 f5 37.
e7 Re8 38. Qxf5 h6 39. Qe6 Qb2+ 40. Re2 Qg7 41. Qxd6 Kh7 42. Qd3+ Kh8 43. Qd6 Kh7 44.
Qxc5 Qg4 45. Qc2+ Kh8 46. Qc3+ Kh7 47. Qd3+ Kh8 48. Qc3+ Kh7 49. Qc2+ Kh8 50. Qe4 Qd7 51. Qe5+ Kh7 52. Qe4+ Kh8 53. Qe6 Qc7+ 54. Kh3 Qc3+ 55. Re3 Qg7 56. h5 Kh7 57. Qf5+ Kh8 58. Qg6 Rxe7 59.
Rxe7 Qxe7 60. Qxh6+ Kg8 61. Qg6+ Kh8 62. Qh6+ Kg8 63. Qg6+ Kh8 64. Qf5 Qe3+ 65. Kg4 Qg1+ 66. Kf4 Qc1+ 67. Ke5 Qc5+ 68. Kf6 Qf8+ 69. Kg5 Qg7+ 70.
Kf4 Qd4+ 71. Qe4 Qf2+ 72. Ke5 Qb2+ 73. Ke6 Qxa2 74. Qe5+ Kh7 75. Qf5+ Kh8 76. Qf6+ Kh7 77. Qf5+ Kh8 78. Qd5 Qe2+ 79. Kd7 Qg4+ 80. Kc7 Qb4 81. h6 Kh7 82. Qf5+ Kxh6 83. Qe6+ Kg5 84. Qd5+ Kf4 85.
Kc6 Ke3 86. Qc5+ Qd4 87. b4 Kd3 88. b5 Qf6+ 89. Kb7 Qf7+ 90. Ka6 Qa2+ 91. Kb7 Qf7+ 92. Kb8 Qd7 93. Qxa7 Qxb5+ 94. Qb7 Qxb7+ 95. Kxb7 1/2-1/2

[Event "*** Titled Tuesday Blitz"]
[Site "Chess.com"]
[Date "2020.12.01"]
[Round "4"]
[White "DonPreuss"]
[Black "gochatoria98"]
[Result "0-1"]
[WhiteElo "2220"]
[BlackElo "2133"]
[TimeControl "180+1"]
[EndTime "10:41:21 PST"]
[Termination "gochatoria98 won by resignation"]

1. d4 d5 2. e4 dxe4 3. Nc3 Nf6 4. f3 e3 5. Bxe3 e6 6. Bd3 Bd6 7. Nge2 O-O 8. O-O a6 9. Qe1 Nd5 10. Bd2 Nxc3 11. bxc3 c5 12. f4 Nc6 13. f5 exf5 14. Bxf5 Bxf5 15. Rxf5 cxd4 16. cxd4 Qc7 17. Qh4 Rae8 18. Ng3 g6 19. Bh6 Be7 20. Qg4 Qd7 21.
Bxf8 Bxf8 22. Raf1 Nxd4 23. Nh5 Be7 24. R5f4 Qxg4 25.
Rxg4 Ne6 26. Nf6+ Bxf6 27. Rxf6 Rc8 28. Rf2 Rc7 29. Re4 Rc6 30. h3 f5 31. Re5 Kf7 32. Rd2 Rc7 33. Rd6 Ng5 34. Rb6 Ne4 35. Kh2 Kg7 36.
Ra5 Rxc2 37. Rxb7+ Kh6 38. Rxa6 Kg5 39. Rb3 h5 40. a4 h4 41. a5 Ng3 42. Rxg3+ hxg3+ 43.
Kxg3 Rc3+ 44. Kh2 Ra3 45. Ra7 Ra2 46. a6 Ra3 47. Kg1 Kh6 48. Kf2 Rb3 49. Ra8 Ra3 50. a7 Kg7 51. Ke2 g5 52. Kd2 g4 53. hxg4 fxg4 54. Kc2 Ra6 55. Kb3 Ra1 56. Kc4 Ra2 57. Kd5 Ra1 58. Ke5 Ra2 59. Kf5 Ra5+ 60. Kxg4 Ra4+ 61.
Kh5 Ra2 62. g4 Ra4 63. g5 Ra5 64. Kg4 Ra4+ 65. Kf5 Ra5+ 66. Ke6 Ra4 67. Kd5 Ra1 68. Ke6 Re1+ 69. Kf5 Rf1+ 70. Ke5 Re1+ 71. Kd4 Rd1+ 72. Kc3 Ra1 73. Kb2 Ra6 74. Kb3 Ra5 75. Kb4 Ra1 76. Kc5 Rc1+ 77. Kd6 Rd1+ 78. Ke5 Re1+ 79. Kf4 Rf1+ 80.
Kg4 Rg1+ 81. Kf3 Rf1+ 82. Ke2 Ra1 83. Kd2 Ra2+ 84. Kc3 Ra6 85. Kb4 Ra1 86. g6 Rb1+ 87.
Kc5 Ra1 88. Kd6 Rd1+ 89. Ke5 Re1+ 90. Kf4 Rf1+ 91. Kg3 Rg1+ 92. Kf2 Ra1 93. Ke3 Ra3+ 94. Kd4 Ra4+ 95. Kc5 Ra1 96. Kd5 Ra5+ 97. Ke6 Ra1 98. Rb8 Rxa7 99. Kf5 Ra5+ 100. Kg4 Kxg6 101. Kf3 0-1

[Event "*** Titled Tuesday Blitz"]
[Site "Chess.com"]
[Date "2020.12.01"]
[Round "5"]
[White "DarZay"]
[Black "Gulkov_Igor"]
[Result "0-1"]
[WhiteElo "2164"]
[BlackElo "2496"]
[TimeControl "180+1"]
[EndTime "10:48:53 PST"]
[Termination "Gulkov_Igor won by resignation"]

1. e4 c5 2. Nf3 d6 3. d4 cxd4 4. Nxd4 Nf6 5. Nc3 a6 6. Be2 e6 7. Nb3 b5 8. a3 Bb7 9. f3 Nbd7 10. Be3 Rc8 11. Qd2 Ne5 12. O-O Be7 13. h3 O-O 14. f4 Nc4 15. Bf3 Nxd2 0-1

[Event "*** Titled Tuesday Blitz"]
[Site "Chess.com"]
[Date "2020.12.01"]
[Round "5"]
[White "Gerasimenyuk_Miha"]
[Black "TzoumpasAnastasis"]
[Result "1-0"]
[WhiteElo "2411"]
[BlackElo "2202"]
[TimeControl "180+1"]
[EndTime "10:49:04 PST"]
[Termination "Gerasimenyuk_Miha won by resignation"]

1. d4 Nf6 2. Nf3 e6 3. Bg5 Be7 4. e3 O-O 5. Nbd2 b6 6. Bd3 Bb7 7. h4 c5 8. c3 Nc6 9. Bxf6 Bxf6 10. Bxh7+ Kxh7 11. Ng5+ Kg8 12. Qh5 1-0

[Event "*** Titled Tuesday Blitz"]
[Site "Chess.com"]
[Date "2020.12.01"]
[Round "5"]
[White "Perecke"]
[Black "Mikhail_Golubev"]
[Result "0-1"]
[WhiteElo "2384"]
[BlackElo "2558"]
[TimeControl "180+1"]
[EndTime "10:49:31 PST"]
[Termination "Mikhail_Golubev won by resignation"]

1. e4 c5 2. Nf3 d6 3. d4 Nf6 4. Nc3 cxd4 5. Nxd4 Nc6 6. Bg5 e6 7. Qd2 a6 8. f4 h6 9. Bxf6 Qxf6 10.
Nxc6 bxc6 11. O-O-O Qd8 12. Bd3 Be7 13. f5 Bg5 0-1

[Event "*** Titled Tuesday Blitz"]
[Site "Chess.com"]
[Date "2020.12.01"]
[Round "5"]
[White "TigrVShlyape"]
[Black "FairChess_on_YouTube"]
[Result "1/2-1/2"]
[WhiteElo "2855"]
[BlackElo "2996"]
[TimeControl "180+1"]
[EndTime "10:49:39 PST"]
[Termination "Game drawn by agreement"]

1. e4 e5 2. Nf3 Nf6 3. Nxe5 d6 4.
Nf3 Nxe4 5. d4 d5 6. Bd3 Bd6 7. O-O O-O 8. c4 c6 9. Re1 Re8 10. Nc3 Nxc3 11. bxc3 Rxe1+ 12. Qxe1 h6 13. c5 Bc7 14.
Ne5 Nd7 15. Bf4 1/2-1/2

[Event "*** Titled Tuesday Blitz"]
[Site "Chess.com"]
[Date "2020.12.01"]
[Round "5"]
[White "Region_07"]
[Black "parintele_chess"]
[Result "1-0"]
[WhiteElo "2461"]
[BlackElo "2198"]
[TimeControl "180+1"]
[EndTime "10:49:40 PST"]
[Termination "Region_07 won by resignation"]

1. d4 d5 2. Bg5 Nf6 3. Nd2 h6 4.
Bh4 g5 5. Bg3 Bg7 6. e3 c5 7. c3 Nc6 8. Ngf3 b6 9. Ne5 Nxe5 10.
Bxe5 O-O 11. h4 g4 12. h5 Nd7 13. Bxg7 Kxg7 14. Qxg4+ Kh8 15. Qf4 Kh7 16. Bd3+ Kg7 17.
Rh3 1-0

[Event "*** Titled Tuesday Blitz"]
[Site "Chess.com"]
[Date "2020.12.01"]
[Round "5"]
[White "GianmarcoVaR"]
[Black "Mostii"]
[Result "1-0"]
[WhiteElo "2658"]
[BlackElo "2473"]
[TimeControl "180+1"]
[EndTime "10:49:41 PST"]
[Termination "GianmarcoVaR won by resignation"]

1. d4 e6 2. Nf3 Nf6 3. c4 b6 4.
g3 Bb7 5. Bg2 g6 6. O-O Bg7 7. Qc2 O-O 8. Nc3 d6 9. e4 Nbd7 10. h3 e5 11. Be3 exd4 12. Nxd4 Qc8 13. Rfe1 a5 14. Nd5 Nc5 15. Ne7+ 1-0

[Event "*** Titled Tuesday Blitz"]
[Site "Chess.com"]
[Date "2020.12.01"]
[Round "5"]
[White "TrenerChos"]
[Black "DrMamaliga"]
[Result "0-1"]
[WhiteElo "2165"]
[BlackElo "2348"]
[TimeControl "180+1"]
[EndTime "10:49:52 PST"]
[Termination "DrMamaliga won by resignation"]

1. d4 Nf6 2. Nf3 c5 3. g3 cxd4 4. Nxd4 Nc6 5. Bg2 g6 6. O-O Bg7 7. c4 O-O 8. Nc3 Qa5 9. e3 d6 10. Nxc6 bxc6 11. Bxc6 Rb8 12. Bd2 Rxb2 13. Na4 Qxd2 14.
Nxb2 Qxb2 15. f4 Bg4 16. Qd3 Be2 17. Rfb1 Bxd3 18. Rxb2 Ng4 0-1

[Event "*** Titled Tuesday Blitz"]
[Site "Chess.com"]
[Date "2020.12.01"]
[Round "5"]
[White "fmshawnrl123"]
[Black "karinachess1"]
[Result "1-0"]
[WhiteElo "2789"]
[BlackElo "2484"]
[TimeControl "180+1"]
[EndTime "10:49:59 PST"]
[Termination "fmshawnrl123 won by resignation"]

1. c4 Nf6 2. g3 g6 3. Bg2 Bg7 4. Nc3 O-O 5. e4 d6 6. Nge2 e5 7. O-O Nbd7 8. d3 Nc5 9. h3 Be6 10. b4 Na6 11. Rb1 Qc8 12. Kh2 Nh5 13. Nd5 c6 14.
Ne7+ Kh8 15. Nxc8 Raxc8 16. Be3 1-0

[Event "*** Titled Tuesday Blitz"]
[Site "Chess.com"]
[Date "2020.12.01"]
[Round "5"]
[White "maxip32"]
[Black "ajkom197"]
[Result "1-0"]
[WhiteElo "2505"]
[BlackElo "2332"]
[TimeControl "180+1"]
[EndTime "10:50:03 PST"]
[Termination "maxip32 won by checkmate"]

1. e4 c6 2. d4 d5 3. e5 Bf5 4. h4 h5 5. c4 e6 6. Nc3 Nd7 7. cxd5 cxd5 8. Bd3 Bxd3 9. Qxd3 a6 10. Nf3 Ne7 11.
Bg5 Qa5 12. O-O Nf5 13. a3 Rc8 14. b4 Qc7 15. Nxd5 Qc2 16. Rac1 Qxd3 17. Rxc8# 1-0

[Event "*** Titled Tuesday Blitz"]
[Site "Chess.com"]
[Date "2020.12.01"]
[Round "5"]
[White "aa175"]
[Black "salomez"]
[Result "1-0"]
[WhiteElo "2340"]
[BlackElo "2139"]
[TimeControl "180+1"]
[EndTime "10:50:04 PST"]
[Termination "aa175 won by checkmate"]

1. d4 Nf6 2. Bf4 d5 3. e3 g6 4. Nf3 Bg7 5. Bd3 O-O 6. Ne5 Nbd7 7. h4 Ne4 8. Nd2 Nxe5 9. Bxe5 Nxd2 10. Kxd2 f6 11. Bg3 e5 12. dxe5 fxe5 13. h5 e4 14. hxg6 exd3 15. Rxh7 dxc2 16. Qh5 Qf6 17. Rh8+ Bxh8 18.
Qh7# 1-0

[Event "*** Titled Tuesday Blitz"]
[Site "Chess.com"]
[Date "2020.12.01"]
[Round "5"]
[White "guillembaches"]
[Black "glebus008"]
[Result "1/2-1/2"]
[WhiteElo "2395"]
[BlackElo "2241"]
[TimeControl "180+1"]
[EndTime "10:50:12 PST"]
[Termination "Game drawn by agreement"]

1. e4 c5 2. Nf3 e6 3. c4 d6 4. Nc3 Nf6 5. Be2 Be7 6. O-O O-O 7. d4 cxd4 8. Nxd4 a6 9. Be3 Qc7 10. a3 Nbd7 11. Rc1 b6 12. b4 Bb7 13. f3 Rfd8 14.
Qd2 Nc5 15. bxc5 dxc5 16. Nxe6 fxe6 17. Qb2 Nd7 18. Rfd1 Bd6 19. h3 1/2-1/2

[Event "*** Titled Tuesday Blitz"]
[Site "Chess.com"]
[Date "2020.12.01"]
[Round "5"]
[White "Khnykin_Nikolay"]
[Black "DonPreuss"]
[Result "0-1"]
[WhiteElo "2028"]
[BlackElo "2224"]
[TimeControl "180+1"]
[EndTime "10:50:48 PST"]
[Termination "DonPreuss won by checkmate"]

1. e4 e5 2. Nf3 d5 3. d3 dxe4 4. dxe4 Qxd1+ 5. Kxd1 Nc6 6. Nc3 Bg4 7. Nd5 O-O-O 8. Be3 Nce7 9. Ke2 Nxd5 10. exd5 e4 11.
h3 exf3+ 12. gxf3 Bf5 13. Ke1 Nf6 14. Bxa7 Nxd5 15. c3 Bd6 16. Bd4 c5 17. Bxg7 Rhe8+ 18. Kd2 Bf4+ 19. Kd1 Nxc3# 0-1

[Event "*** Titled Tuesday Blitz"]
[Site "Chess.com"]
[Date "2020.12.01"]
[Round "5"]
[White "AradNazari"]
[Black "alexsuper1987"]
[Result "1-0"]
[WhiteElo "2443"]
[BlackElo "2246"]
[TimeControl "180+1"]
[EndTime "10:50:52 PST"]
[Termination "AradNazari won by resignation"]

1. d4 d5 2. Nf3 Nf6 3. g3 e6 4. Bg2 Be7 5. O-O O-O 6. c3 c5 7. Re1 Nc6 8. Nbd2 b6 9. dxc5 Bxc5 10. e4 dxe4 11. Ng5 e3 12. fxe3 Nd5 13. Nde4 h6 14.
Nxc5 Qxg5 15. e4 Qe7 16. exd5 Qxc5+ 17. Be3 1-0

[Event "*** Titled Tuesday Blitz"]
[Site "Chess.com"]
[Date "2020.12.01"]
[Round "5"]
[White "Titus369"]
[Black "Rainmond"]
[Result "0-1"]
[WhiteElo "2581"]
[BlackElo "2798"]
[TimeControl "180+1"]
[EndTime "10:51:02 PST"]
[Termination "Rainmond won by resignation"]

1. e4 Nc6 2. d4 d6 3. Nf3 Nf6 4. h3 Nxe4 5. d5 Nb8 6. c4 g6 7. Bd3 Nc5 8. Bc2 Bg7 9. O-O a5 10. Nc3 O-O 11. Be3 e5 12. Qd2 Nbd7 13. Bh6 Nb6 14. b3 f5 15. Bxg7 Kxg7 16. Qe3 Re8 17. Rae1 Bd7 18. Nd2 Qf6 19. f4 exf4 20. Qf3 Qd4+ 0-1

[Event "*** Titled Tuesday Blitz"]
[Site "Chess.com"]
[Date "2020.12.01"]
[Round "5"]
[White "DenLaz"]
[Black "MarcoRiehle"]
[Result "1-0"]
[WhiteElo "2804"]
[BlackElo "2672"]
[TimeControl "180+1"]
[EndTime "10:51:06 PST"]
[Termination "DenLaz won by resignation"]

1. d4 d5 2. c4 e6 3. Nf3 Nf6 4. Nc3 dxc4 5. e4 Bb4 6. Bg5 b5 7. a4 c6 8. e5 h6 9. exf6 hxg5 10.
fxg7 Rg8 11. g3 Rxg7 12. Bg2 Bb7 13. O-O a6 14. Ne5 Qc7 15. axb5 cxb5 16. Nxb5 axb5 17. Rxa8 Bxa8 18. Bxa8 Nd7 19. Bc6 1-0

[Event "*** Titled Tuesday Blitz"]
[Site "Chess.com"]
[Date "2020.12.01"]
[Round "5"]
[White "GAusal"]
[Black "dosto07"]
[Result "0-1"]
[WhiteElo "2090"]
[BlackElo "2316"]
[TimeControl "180+1"]
[EndTime "10:51:21 PST"]
[Termination "dosto07 won by resignation"]

1. e4 e5 2. f4 d5 3. exd5 exf4 4. Nf3 Nf6 5. Be2 Bd6 6. d4 Nxd5 7. c4 Ne3 8. Bxe3 fxe3 9. Nc3 O-O 10. O-O Bg4 11.
c5 Be7 12. Qc2 Nc6 13. d5 Bxf3 14. dxc6 Bxc6 15. Rad1 Qe8 16. Nd5 Bxd5 17. Rxd5 c6 18. Re5 Qd8 19. Rxe3 Qd4 20. Qb3 Bxc5 21. Kh1 Qxe3 22.
Qxb7 0-1

[Event "*** Titled Tuesday Blitz"]
[Site "Chess.com"]
[Date "2020.12.01"]
[Round "5"]
[White "PlotnikovPavel"]
[Black "Mbneu"]
[Result "1-0"]
[WhiteElo "2476"]
[BlackElo "2330"]
[TimeControl "180+1"]
[EndTime "10:51:24 PST"]
[Termination "PlotnikovPavel won by resignation"]

1. e4 c5 2. Nc3 a6 3. Nge2 b5 4. d4 cxd4 5. Nxd4 e6 6. a3 Bb7 7.
Bd3 Nf6 8. O-O Bc5 9. Be3 Qb6 10. e5 Bxd4 11. Bxd4 Qxd4 12. exf6 Qxf6 13. Qe2 O-O 14.
Rad1 d5 15. f3 Nd7 16. Qf2 Ne5 17. Be2 Ng6 18. g3 Rac8 19. f4 Rfd8 20. Bf3 Ne7 21. Qb6 Rb8 22. Bg2 Nf5 23. Rfe1 Nd4 24. Qxd4 1-0

[Event "*** Titled Tuesday Blitz"]
[Site "Chess.com"]
[Date "2020.12.01"]
[Round "5"]
[White "underdogchss"]
[Black "Chamal_Gedgafov"]
[Result "1-0"]
[WhiteElo "2357"]
[BlackElo "2168"]
[TimeControl "180+1"]
[EndTime "10:51:24 PST"]
[Termination "underdogchss won by resignation"]

1. d4 Nf6 2. Nf3 g6 3. c4 Bg7 4. Nc3 O-O 5. e4 d6 6. h3 Nbd7 7. Bd3 e5 8. d5 Nc5 9. Bc2 a5 10.
g4 b6 11. Bg5 h6 12. Be3 Nxg4 13. hxg4 Bxg4 14. Bxc5 bxc5 15. Qd3 f5 16. Nh2 fxe4 17.
Nxe4 Bf5 18. O-O-O a4 19. a3 Qd7 20. Rhg1 Rfb8 21. f3 Rb7 22. Ng4 Rab8 23. Ngf6+ 1-0

[Event "*** Titled Tuesday Blitz"]
[Site "Chess.com"]
[Date "2020.12.01"]
[Round "5"]
[White "Chernov_Mikhail"]
[Black "niki_2003"]
[Result "1-0"]
[WhiteElo "2304"]
[BlackElo "2012"]
[TimeControl "180+1"]
[EndTime "10:51:29 PST"]
[Termination "Chernov_Mikhail won by checkmate"]

1. e4 c5 2. Nf3 d6 3. d4 cxd4 4.
Nxd4 Nf6 5. Nc3 g6 6. Be3 Bg7 7. f3 Nc6 8. Qd2 O-O 9. Bc4 Bd7 10. Bb3 Rc8 11. O-O-O Ne5 12. Kb1 Re8 13. g4 b5 14.
h4 a5 15. a3 a4 16. Ba2 Qa5 17. h5 Rxc3 18. Qxc3 Qxc3 19. bxc3 Rc8 20. Kb2 Nxf3 21.
Nxf3 Bxg4 22. Rhf1 Nxe4 23. Bxf7+ Kf8 24. Nd4 Bf6 25.
hxg6 Bxd1 26. Ne6# 1-0

[Event "*** Titled Tuesday Blitz"]
[Site "Chess.com"]
[Date "2020.12.01"]
[Round "5"]
[White "Malev212"]
[Black "AsselLesbekova"]
[Result "1-0"]
[WhiteElo "2549"]
[BlackElo "2311"]
[TimeControl "180+1"]
[EndTime "10:51:33 PST"]
[Termination "Malev212 won by resignation"]

1. e4 c5 2. Nf3 Nc6 3. d4 cxd4 4. Nxd4 e5 5. Nb5 d6 6. c4 Be7 7. N1c3 a6 8. Na3 Nf6 9. Be2 Nd4 10. O-O Nxe2+ 11. Qxe2 Be6 12. Be3 O-O 13. Rfd1 Qc7 14. Rac1 Rac8 15. b3 d5 16. Nxd5 Bxd5 17. cxd5 Qd7 18.
Nc4 Nxe4 19. f3 Rxc4 20. Qxc4 Nd6 21. Qc7 Qxc7 1-0

[Event "*** Titled Tuesday Blitz"]
[Site "Chess.com"]
[Date "2020.12.01"]
[Round "5"]
[White "BJthechessgod"]
[Black "xamax2000"]
[Result "0-1"]
[WhiteElo "2307"]
[BlackElo "2648"]
[TimeControl "180+1"]
[EndTime "10:51:41 PST"]
[Termination "xamax2000 won by checkmate"]

1. e4 c6 2. d4 d5 3. Nc3 dxe4 4. Nxe4 Nf6 5. Nxf6+ exf6 6. c3 Bd6 7. Bd3 O-O 8. Qc2 Re8+ 9. Ne2 h5 10. Be3 Nd7 11. O-O-O b5 12. Ng3 Nb6 13. Nxh5 Be6 14. Kb1 Nd5 15. Rde1 b4 16. c4 b3 17. Qxb3 Rb8 18.
Qd1 Nc3+ 19. Kc1 Nxd1 20. Rxd1 Qa5 21. Bb1 Qxh5 22. f3 Qa5 23. Bd2 Qa3 24. bxa3 Bxa3+ 25. Kc2 Bf5+ 26. Kc3 Bb2# 0-1

[Event "*** Titled Tuesday Blitz"]
[Site "Chess.com"]
[Date "2020.12.01"]
[Round "5"]
[White "ChessWarrior3"]
[Black "Omk124"]
[Result "0-1"]
[WhiteElo "2109"]
[BlackElo "2328"]
[TimeControl "180+1"]
[EndTime "10:51:44 PST"]
[Termination "Omk124 won by resignation"]

1. e4 g6 2. d4 Bg7 3. f4 c6 4.
Nc3 d5 5. f5 dxe4 6. fxg6 hxg6 7. Be3 Nf6 8. a3 Ng4 9. Bf4 Bxd4 10. Nh3 Rxh3 11. gxh3 Nf2 12. Qd2 Nxh1 13. O-O-O c5 14. Nb5 Na6 15. Nxd4 Qxd4 16. Qg2 Qf6 17. Bb5+ Kf8 18.
Bh6+ Kg8 19. Qxh1 Bxh3 20. Qxe4 Rb8 21. Bf4 Rc8 22. Be5 Qg5+ 23. Kb1 Nc7 24. Qd5 Nxd5 0-1

[Event "*** Titled Tuesday Blitz"]
[Site "Chess.com"]
[Date "2020.12.01"]
[Round "5"]
[White "ErikRonka"]
[Black "maximnovik"]
[Result "0-1"]
[WhiteElo "2376"]
[BlackElo "2554"]
[TimeControl "180+1"]
[EndTime "10:51:48 PST"]
[Termination "maximnovik won by resignation"]

1. d4 Nf6 2. c4 g6 3. Nc3 d5 4. Bf4 Bg7 5. e3 c5 6. dxc5 Qa5 7. Rc1 Ne4 8. Ne2 dxc4 9. f3 Nxc5 10.
Ng1 O-O 11. Bxc4 Rd8 12. Qe2 Be6 13. Rc2 Bxc4 14. Qxc4 Nd3+ 15. Kf1 Nc6 16. Nge2 Rac8 17. Qe4 Nc5 18. Qc4 Nb4 0-1

[Event "*** Titled Tuesday Blitz"]
[Site "Chess.com"]
[Date "2020.12.01"]
[Round "5"]
[White "MarceloPlaya"]
[Black "sokidze"]
[Result "0-1"]
[WhiteElo "2265"]
[BlackElo "2494"]
[TimeControl "180+1"]
[EndTime "10:51:48 PST"]
[Termination "sokidze won by resignation"]

1. e4 c5 2. Nf3 Nc6 3. d4 cxd4 4. Nxd4 g6 5. Nc3 Bg7 6. Be3 Nf6 7. Bc4 O-O 8. Bb3 Re8 9. f3 d5 10. exd5 Nb4 11.
Qd2 Nbxd5 12. Nxd5 Nxd5 13. Bf2 a6 14. O-O-O Nf6 15. Kb1 e5 16. Ne2 Qe7 17. Qc3 Be6 18.
Qxe5 Bxb3 19. Qxe7 Rxe7 20. Bc5 Bxc2+ 0-1

[Event "*** Titled Tuesday Blitz"]
[Site "Chess.com"]
[Date "2020.12.01"]
[Round "5"]
[White "Loy_Konstantin"]
[Black "MarcLonoff"]
[Result "1-0"]
[WhiteElo "2363"]
[BlackElo "2183"]
[TimeControl "180+1"]
[EndTime "10:51:55 PST"]
[Termination "Loy_Konstantin won by resignation"]

1. e4 e6 2. d3 d5 3. Nd2 dxe4 4. dxe4 e5 5. Ngf3 Nc6 6. Bb5 Bg4 7. O-O Bc5 8. h3 Bxf3 9. Qxf3 Ne7 10. Nb3 Bd6 11.
Rd1 O-O 12. c4 a6 13. Bxc6 Nxc6 14. c5 Qe7 15. cxd6 cxd6 16. Be3 Qe6 17. Qg4 f5 18. exf5 Rxf5 19. Rxd6 1-0

[Event "*** Titled Tuesday Blitz"]
[Site "Chess.com"]
[Date "2020.12.01"]
[Round "5"]
[White "Bwert2602"]
[Black "canary2016"]
[Result "1-0"]
[WhiteElo "2200"]
[BlackElo "1987"]
[TimeControl "180+1"]
[EndTime "10:51:55 PST"]
[Termination "Bwert2602 won by checkmate"]

1. e4 e5 2. Nf3 Nf6 3. d4 Nxe4 4. Bd3 d5 5. Nxe5 Qf6 6. O-O Bd6 7. f3 Ng5 8. f4 Ne6 9. f5 Nxd4 10. Ng4 Qd8 11. Qe1+ Qe7 12. Qf2 O-O 13. f6 Qd7 14.
fxg7 Kxg7 15. Qf6+ Kg8 16. Nh6# 1-0

[Event "*** Titled Tuesday Blitz"]
[Site "Chess.com"]
[Date "2020.12.01"]
[Round "5"]
[White "NewBornNow"]
[Black "ChainsOfFantasia"]
[Result "0-1"]
[WhiteElo "2692"]
[BlackElo "2510"]
[TimeControl "180+1"]
[EndTime "10:51:59 PST"]
[Termination "ChainsOfFantasia won by resignation"]

1. e4 e6 2. d4 d5 3. Nc3 Nf6 4.
e5 Nfd7 5. Nce2 c5 6. c3 b5 7. a3 Nc6 8. f4 a5 9. Nf3 Bb7 10. f5 exf5 11. Nf4 cxd4 12. cxd4 b4 13. Nxd5 bxa3 14. bxa3 a4 15. Nf4 Na5 16. Bb5 Nb3 17. Rb1 Qa5+ 18. Kf2 Qxb5 19. e6 Nf6 20. Re1 Ne4+ 21. Kg1 Bd6 22. exf7+ Kxf7 23. Ng5+ Nxg5 24. Qh5+ g6 25. Qxg5 Rae8 26. Bb2 Rxe1+ 27. Rxe1 Re8 0-1

[Event "*** Titled Tuesday Blitz"]
[Site "Chess.com"]
[Date "2020.12.01"]
[Round "5"]
[White "norwaytoadog"]
[Black "Nadtkins"]
[Result "0-1"]
[WhiteElo "2268"]
[BlackElo "2507"]
[TimeControl "180+1"]
[EndTime "10:52:01 PST"]
[Termination "Nadtkins won on time"]

1. e4 d5 2. exd5 Nf6 3. d4 Bg4 4. f3 Bf5 5. c4 e6 6. dxe6 Nc6 7.
exf7+ Kxf7 8. Be3 Bb4+ 9. Kf2 Re8 10. Nc3 Rxe3 11. Kxe3 Nxd4 12. Qxd4 Qe7+ 13. Ne4 Bxe4 14. Ke2 Rd8 15. Qxd8 Qxd8 16. Rd1 Qe7 0-1